 Dungeon Crawl Stone Soup version 0.21.0 (webtiles) character file.

107 AgrsvlyMoist the Gusty (level 4, 0/24 HPs)
             Began as a Tengu Air Elementalist on July 25, 2018.
             Slain by a worker ant (6 damage)
             ... on level 3 of the Dungeon.
             The game lasted 00:09:52 (2250 turns).

AgrsvlyMoist the Gusty (Tengu Air Elementalist)     Turns: 2250, Time: 00:09:54

Health: 0/24       AC:  3    Str:  8    XL:     4   Next: 86%
Magic:  1/8        EV: 13    Int: 16    God:
Gold:   93         SH:  0    Dex: 15    Spells: 6/7 levels left

rFire    . . .     SeeInvis .   p - -1 dagger (curse)
rCold    . . .     Gourm    .   (no shield)
rNeg     . . .     Faith    .   a - +0 robe
rPois    .         Spirit   .   (helmet restricted)
rElec    .         Reflect  .   (no cloak)
rCorr    .         Harm     .   q - +0 pair of gloves
MR       .....                  (boots unavailable)
Stlth    ++........             (no amulet)
HPRegen  0.08/turn              (no ring)
MPRegen  0.11/turn              (no ring)

@: lethally poisoned (0 -> -22), very slightly contaminated
A: beak, talons 3
a: no special abilities


You were on level 3 of the Dungeon.
You were not hungry.

You visited 1 branch of the dungeon, and saw 3 of its levels.

You collected 93 gold pieces.

Inventory:

Hand Weapons
 h - a +0 dagger
 p - a cursed -1 dagger (weapon)
Armour
 a - a +0 robe (worn)
 q - a +0 pair of gloves (worn)
Scrolls
 e - 2 scrolls of identify
 g - 2 scrolls of enchant armour
Potions
 d - 2 potions of heal wounds {unknown}
 f - a potion of curing {unknown}
 j - a potion of might {unknown}
 k - a potion of mutation {unknown}
 l - 2 potions of brilliance {unknown}
 m - a potion of magic {unknown}
 n - a potion of invisibility {unknown}
 o - a potion of cancellation {unknown}
Books
 b - a book of Air

   Spells                             Type                      Level
   a - Shock                          Conjuration/Air              1
   b - Swiftness                      Charms/Air                   2
   c - Static Discharge               Conjuration/Air              3
   d - Airstrike                      Air                          4
   e - Lightning Bolt                 Conjuration/Air              5
Comestibles
 c - 7 rations
 i - 4 chunks of flesh


   Skills:
 - Level 2.1 Dodging
 - Level 2.0 Stealth
 - Level 2.0 Spellcasting
 * Level 4.9 Conjurations
 + Level 5.2 Air Magic


You had 6 spell levels left.
You knew the following spells:

 Your Spells              Type           Power        Failure   Level  Hunger
a - Shock                 Conj/Air       ###.         2%          1    #......


Dungeon Overview and Level Annotations

Branches:
Dungeon (3/15)

Altars:
Uskayaw


Innate Abilities, Weirdness & Mutations

You have a beak for a mouth.
You have claws for feet.


Message History

You feel sick. The worker ant bites you.
You are more poisoned.
The worker ant poisons you!
You hit the worker ant but do no damage.
The worker ant is moderately wounded.
You feel sick. The worker ant closely misses you. The worker ant bites you.
You are more poisoned.
The worker ant poisons you!
Casting: Shock
Confirm with . or Enter, or press ? or * to list all spells.
Aiming: Shock
Press: ? - help, Shift-Dir - straight line, f/p - worker ant
Aim: a worker ant (moderately wounded)
The zap hits the worker ant.
The worker ant is severely wounded.
The zap hits the worker ant.
The worker ant appears unharmed.
The worker ant is severely wounded.
* * * LOW HITPOINT WARNING * * *
You feel sick. The worker ant bites you.
You die...

### # ..# #.##.#
#.#..# #....# ###
#@.###....
#######a........
#.....##........
#.....'.#.####..
#.....#...# ###
#######.....###.#
#<# #...).+.....#
>.. ###.##.##
#.....#.....#
...............
#..........##.
......#######..


You could see a worker ant.

Vanquished Creatures
  4 adders
  3 worms (D:2)
  2 dart slugs
  A leopard gecko (D:3)
  2 giant cockroaches (D:2)
  7 goblins
  6 hobgoblins
  9 jackals
  A ball python (D:2)
  7 bats
  4 frilled lizards
  4 kobolds (D:1)
  6 rats
56 creatures vanquished.

Notes
Turn   | Place    | Note
-------+----------+-------------------------------------------
     0 | D:1      | AgrsvlyMoist the Tengu Air Elementalist began the quest for the Orb.
     0 | D:1      | Reached XP level 1. HP: 10/10 MP: 4/4
   112 | D:1      | Reached XP level 2. HP: 15/15 MP: 0/6
   869 | D:2      | Reached XP level 3. HP: 14/19 MP: 2/7
   955 | D:2      | Found a hide-covered altar of Uskayaw.
   958 | D:2      | Noticed a hand axe
   958 | D:2      | Noticed a hand axe
  1344 | D:2      | Reached XP level 4. HP: 7/24 MP: 2/8
  1576 | D:2      | Reached skill level 5 in Air Magic
  2250 | D:3      | Slain by a worker ant

Skill      XL: |  1  2  3  4 |
---------------+-------------+-----
Conjurations   | 2 3 4 |  4.9
Air Magic      | 5 |  5.2
Dodging        | |  2.1
Stealth        | |  2.0
Spellcasting   | |  2.0

Action                   |  1- 3 |  4- 6 || total
-------------------------+-------+-------++-------
Melee: Unarmed           |     9 |       ||     9
       Kick              |     4 |     5 ||     9
       Dagger            |     6 |    16 ||    22
       Peck              |     2 |     4 ||     6
 Cast: Shock             |    67 |    54 ||   121
  Use: Scroll            |     3 |     1 ||     4
  Eat: Chunk             |     2 |     4 ||     6
Armor: Robe              |     1 |     3 ||     4
Dodge: Dodged            |    26 |    16 ||    42
